Map: Lightshade LE

Players

Reynor

  • Race: Zerg Zerg
  • League: Master
  • Spawn Location: 5:00

AGOElazer (Elazer) - Winner!

  • Race: Zerg Zerg
  • Spawn Location: 11:00

Event: DreamHack SC2 Masters 2020 Winter

VOD

Have the link to the VOD?

Description

Time

  • Played on: Nov. 6, 2020, 2:13 p.m.
  • Length: 11:15

All games in this series

Show
View Real Time Build Order
Export as new Build Order

Reynor Zerg 

Build Orders: Hatch First, Zergling Baneling 

Get SALT Encoding   

  12  0:00  Drone  
  13  0:12  Overlord  
  13  0:17  Drone  
  14  0:30  Drone x2  
  16  0:48  Hatchery  
  15  0:51  Drone  
  15  0:54  Drone  
  17  0:58  Drone  
  18  1:08  Extractor  
  17  1:13  Spawning Pool  
  17  1:16  Drone  
  17  1:19  Drone  
  18  1:28  Drone  
  19  1:38  Drone  
  20  1:49  Overlord  
  20  2:00  Queen x2, Zergling x4  
  26  2:08  Metabolic Boost  
  26  2:10  Drone  
  26  2:11  Drone  
  28  2:21  Drone x2  
  30  2:34  Hatchery  
  30  2:36  Drone  
  30  2:39  Drone  
  30  2:43  Drone  
  32  2:53  Baneling Nest  
  32  2:54  Drone  
  32  2:55  Overlord  
  32  2:59  Zergling x2  
  32  3:04  Zergling x2  
  34  3:06  Zergling x2  
  34  3:08  Zergling x2  
  36  3:13  Zergling x2  
  36  3:14  Zergling x6  
  36  3:18  Overlord  
  41  3:20  Zergling x2  
  41  3:24  Zergling x2  
  42  3:28  Zergling x2  
  42  3:33  Zergling x2  
  44  3:36  Baneling x2  
  44  3:38  Baneling x2  
  44  3:39  Zergling x4  
  44  3:41  Zergling x6  
  48  3:44  Zergling x2  
  48  3:47  Zergling x2  
  48  3:48  Zergling x2  
  49  3:54  Zergling x2  
  49  3:59  Zergling x6  
  49  4:01  Zergling x2  
  44  4:11  Zergling x6  
  44  4:12  Zergling x2  
  44  4:13  Zergling x4  
  44  4:15  Baneling x3  
  50  4:21  Zergling x6  
  52  4:26  Zergling x4  
  52  4:27  Baneling  
  52  4:29  Zergling x2  
  52  4:40  Drone x2  
  52  4:44  Zergling x4  
  56  4:47  Baneling  
  56  4:48  Zergling x2  
  56  4:51  Drone  
  56  4:53  Drone  
  56  4:56  Drone x2  
  53  5:01  Drone x2  
  51  5:08  Baneling x2  
  51  5:09  Drone x4  
  51  5:10  Drone  
  51  5:13  Overlord  
  51  5:14  Zergling x2  
  57  5:18  Evolution Chamber, Zergling x2  
  57  5:23  Baneling  
  57  5:24  Drone  
  58  5:31  Drone x2  
  58  5:33  Queen  
  58  5:35  Extractor, Overlord  
  61  5:36  Extractor  
  61  5:38  Drone x3  
  61  5:40  Drone  
  61  5:41  Drone  
  65  5:45  Overlord  
  65  5:48  Drone  
  65  5:52  Drone x2  
  65  5:54  Drone x2  
  67  5:57  Zerg Missile Weapons Level 1  
  67  6:08  Drone x3  
  67  6:10  Roach Warren  
  70  6:12  Zergling x2  
  70  6:13  Zergling x4  
  73  6:20  Zergling x4  
  75  6:28  Zergling x4  
  75  6:29  Drone  
  75  6:30  Drone  
  75  6:31  Overlord  
  79  6:38  Drone x2  
  79  6:39  Overlord  
  81  6:40  Extractor  
  81  6:41  Drone x2, Extractor  
  81  6:43  Overlord  
  79  6:49  Overlord  
  79  6:54  Drone x2  
  81  6:57  Overlord  
  80  7:02  Roach x5  
  80  7:03  Spine Crawler x2  
  80  7:04  Roach  
  80  7:06  Overlord  
  90  7:11  Roach  
  92  7:17  Roach x2  
  92  7:19  Lair  
  92  7:24  Drone x4  
  92  7:25  Drone  
  92  7:26  Roach x2  
  92  7:27  Roach x3  
  92  7:29  Drone x2  
  103  7:36  Overlord  
  103  7:37  Roach  
  103  7:40  Roach  
  103  7:42  Extractor  
  106  7:47  Roach  
  106  7:48  Drone  
  109  7:51  Drone x2  
  109  7:52  Roach x2  
  109  7:58  Drone  
  115  8:00  Overlord  
  115  8:02  Drone x2  
  115  8:04  Roach x2  
  121  8:10  Drone x2  
  123  8:13  Queen  
  123  8:14  Spore Crawler  
  123  8:15  Spore Crawler  
  123  8:16  Roach  
  123  8:18  Overlord  
  125  8:23  Spore Crawler  
  125  8:26  Hatchery  
  123  8:28  Drone x2, Spire  
  123  8:33  Drone  
  125  8:34  Glial Reconstitution  
  125  8:36  Roach x2  
  125  8:37  Roach  
  125  8:39  Spore Crawler  
  130  8:42  Overseer  
  130  8:54  Roach x4  
  130  8:55  Roach x2, Overlord  
  141  8:57  Overlord  
  141  9:03  Overlord  
  141  9:13  Overlord  
  141  9:16  Overlord  
  138  9:32  Spore Crawler  
  135  9:39  Mutalisk x15  
  135  9:45  Overlord  
  161  9:46  Mutalisk  
  161  9:49  Roach x2  
  161  9:52  Roach  
  161  9:57  Roach x2  
  157  10:02  Mutalisk  
  138  10:11  Mutalisk  
  124  10:15  Mutalisk  
  124  10:17  Drone x6  
  124  10:31  Mutalisk x2  
  124  10:33  Drone x3  
  123  10:51  Mutalisk x3  
Show
View Real Time Build Order
Export as new Build Order

AGOElazer Zerg - Winner!

Build Orders: Hatch First, Zergling Baneling 

Get SALT Encoding   

  12  0:00  Drone  
  13  0:12  Overlord  
  13  0:16  Drone  
  14  0:30  Drone x2  
  16  0:48  Hatchery  
  15  0:51  Drone  
  15  0:55  Drone  
  17  0:58  Drone  
  18  1:09  Extractor  
  17  1:13  Spawning Pool  
  17  1:16  Drone  
  17  1:20  Drone  
  18  1:28  Drone  
  19  1:39  Drone  
  20  1:50  Drone  
  21  1:59  Queen  
  21  2:00  Drone, Queen, Overlord  
  26  2:09  Metabolic Boost  
  26  2:10  Drone  
  26  2:11  Zergling x2  
  28  2:22  Drone x2  
  30  2:32  Hatchery  
  30  2:34  Drone  
  30  2:37  Drone  
  31  2:46  Zergling x2  
  31  2:47  Drone  
  31  2:48  Baneling Nest  
  32  2:54  Overlord  
  32  2:55  Zergling x2  
  33  3:04  Drone  
  33  3:05  Drone  
  35  3:08  Drone  
  35  3:09  Overlord  
  36  3:13  Queen  
  36  3:14  Drone  
  36  3:16  Drone  
  36  3:19  Drone  
  41  3:21  Drone  
  41  3:26  Drone x2  
  44  3:30  Zergling x4  
  44  3:32  Baneling x2  
  46  3:40  Zergling x8  
  46  3:41  Baneling x2  
  50  3:45  Queen  
  50  3:48  Zergling x4  
  52  3:53  Zergling x6  
  52  3:54  Baneling  
  52  3:55  Baneling  
  54  4:01  Zergling x4  
  55  4:06  Zergling x4  
  49  4:10  Zergling x2  
  49  4:12  Queen  
  49  4:13  Baneling x2  
  52  4:17  Zergling x2  
  52  4:18  Zergling x4  
  52  4:19  Baneling  
  52  4:20  Baneling  
  52  4:22  Queen  
  57  4:24  Zergling x2  
  57  4:29  Overlord  
  57  4:40  Drone x3  
  57  4:45  Baneling x2  
  57  4:47  Queen  
  59  4:55  Overlord  
  59  4:58  Queen  
  61  5:00  Baneling x2, Zergling x12  
  65  5:11  Overlord  
  65  5:12  Drone  
  66  5:16  Evolution Chamber  
  66  5:17  Drone x3  
  68  5:30  Extractor, Overlord  
  68  5:31  Drone x5  
  72  5:36  Overlord  
  72  5:39  Drone x2, Extractor  
  72  5:41  Roach Warren  
  72  5:43  Drone x4  
  72  5:46  Zerg Missile Weapons Level 1  
  75  5:51  Drone x3  
  78  5:57  Overlord  
  78  6:00  Drone  
  78  6:01  Drone x3  
  81  6:06  Overlord  
  81  6:07  Overlord  
  81  6:11  Lair  
  81  6:14  Zergling x4  
  81  6:15  Overlord  
  81  6:17  Extractor  
  82  6:19  Extractor  
  82  6:22  Roach x4  
  82  6:23  Roach  
  91  6:29  Roach x2  
  95  6:34  Overlord  
  95  6:37  Roach x2  
  98  6:43  Drone x3  
  98  6:44  Extractor  
  98  6:45  Drone x2  
  98  6:55  Baneling  
  98  6:56  Baneling x2  
  98  6:57  Roach x7  
  109  7:03  Drone x3  
  112  7:12  Drone x2  
  112  7:13  Drone x3, Spire  
  110  7:23  Drone x7  
  110  7:28  Overlord  
  110  7:29  Drone x2  
  118  7:38  Overlord  
  118  7:50  Roach x7  
  132  7:53  Hatchery  
  132  7:54  Zerg Missile Weapons Level 2  
  131  8:09  Overlord  
  131  8:10  Drone x4  
  135  8:24  Mutalisk x8  
  151  8:29  Mutalisk  
  151  8:32  Drone x3  
  151  8:33  Extractor  
  155  8:34  Zerg Flyer Weapons Level 1  
  155  8:36  Overlord  
  155  8:37  Extractor  
  154  8:43  Mutalisk  
  154  8:44  Mutalisk  
  154  8:46  Overlord  
  158  8:49  Drone x2  
  158  8:51  Roach  
  158  8:54  Overlord  
  162  8:56  Mutalisk  
  162  8:58  Mutalisk  
  166  9:06  Mutalisk  
  167  9:14  Mutalisk  
  167  9:20  Roach x6  
  167  9:24  Hatchery  
  178  9:29  Roach x6  
  190  9:42  Glial Reconstitution  
  188  9:47  Roach  
  183  9:55  Roach x5  
  183  9:58  Roach x4  
  192  10:04  Mutalisk x2  
  192  10:05  Mutalisk x2  
  188  10:09  Mutalisk  
  188  10:10  Mutalisk  
  188  10:13  Zergling x20  
  168  10:21  Mutalisk x2  
  168  10:26  Mutalisk  
  162  10:28  Zergling x4  
  162  10:29  Queen x3  
  162  10:34  Mutalisk x2  
  168  10:35  Extractor  
  168  10:42  Mutalisk x2  
  167  10:49  Mutalisk  
  168  10:52  Overlord  
Tags
 
Add a new tag
Caveats
  • Supply blocks, unpowered buildings, or Contaminate may cause inaccurate times.
  • Supply counts are checked every 10 seconds.